 Dungeon Crawl Stone Soup version 0.21.1-1-g345015fe64 (webtiles) character file.

0 Gargoyl the Skirmisher (level 1, -8/19 HPs)
             Began as a Centaur Abyssal Knight on Feb 19, 2018.
             Was a Follower of Lugonu.
             Mangled by a tentacled starspawn (27 damage)
             ... on level 2 of the Abyss.
             The game lasted 00:01:24 (250 turns).

Gargoyl the Skirmisher (Centaur Abyssal Knight)      Turns: 250, Time: 00:01:25

Health: -8/19      AC:  4    Str: 10    XL:     1   Next: 0%
Magic:  2/2        EV:  9    Int: 11    God:    Lugonu [*.....]
Gold:   0          SH:  0    Dex:  8    Spells: 0/0 levels left

rFire    . . .     SeeInvis .   a - +1 hand axe
rCold    . . .     Gourm    .   (no shield)
rNeg     . . .     Faith    .   b - +0 leather armour
rPois    .         Spirit   .   (no helmet)
rElec    .         Reflect  .   (no cloak)
rCorr    .         Harm     .   (no gloves)
MR       .....                  (no barding)
Stlth    +.........             (no amulet)
HPRegen  0.06/turn              (no ring)
MPRegen  0.08/turn              (no ring)

@: flying, very quick
A: large, hooves 3, [blurry vision 3], deformed body, speed 2, [screaming 2],
tough skin 3, [weak 2]
a: Depart the Abyss, Renounce Religion


You were on level 2 of the Abyss.
You worshipped Lugonu.
Lugonu was aware of your devotion.
You were not hungry.

You visited 0 branches of the dungeon, and saw 0 of its levels.
You visited the Abyss 1 time.

Inventory:

Hand Weapons
 a - a +1 hand axe (weapon)
Armour
 b - a +0 leather armour (worn)
Wands
 d - a wand of flame (22)
Comestibles
 c - a ration


   Skills:
 + Level 3.0 Fighting
 + Level 1.7 Axes
 + Level 1.3 Armour
 + Level 0.6 Dodging
 + Level 2.0 Invocations


You couldn't memorise any spells.
You didn't know any spells.

Dungeon Overview and Level Annotations

Branches:
Dungeon (0/15)

Altars:


Innate Abilities, Weirdness & Mutations

You have hooves in place of feet.
Armour fits poorly on your strangely shaped body.
You cover ground very quickly.
You have extremely tough skin. (AC +3)
[Scrolls take you much longer to read.]
[You sometimes yell uncontrollably at your foes.]
[You are very weak. (Str -4)]


Message History

A starspawn tentacle comes into view.
Found a fizzy purple potion.
A ynoxinul comes into view.
Found a gateway leading deeper into the Abyss.
A tentacled starspawn comes into view.
You yell at the tentacled starspawn!
You hear a bellow!
You see here a fizzy purple potion.
e - a fizzy purple potion A tentacled starspawn comes into view.
It was a potion of flight.
You feel very buoyant.
You fly up into the air.
The ynoxinul gestures.
The tentacled starspawn moves out of view.
The ufetubus shouts!
There is a gateway leading deeper into the Abyss here.
The tentacled starspawn bites you!!
Ouch! That really hurt!
You die...

#.≈≈≈##.##.##X#..#.
. #.≈≈≈..# ...### #
.# ...≈≈≈#####x.#
## #≈≈≈.3x.X#..#
###.≈≈≈###.. ..#
#....≈≈≈#.5.#.... #
#...≈≈≈.. ..##.#
..##X###≈≈≈##3# #
.. #@.# #≈≈# #§
#.....##≈≈♣
#...#..#.≈≈≈
.#.#..#.#.≈≈
.#.#...# .. .. .
.... . .. .# #.##.
#.# ..


You could see a tentacled starspawn, a ynoxinul and a small abomination.

Vanquished Creatures (others)
  2 starspawn tentacles (Abyss:2)
2 creatures vanquished.

Notes
Turn   | Place    | Note
-------+----------+-------------------------------------------
     0 | Abyss:1  | Gargoyl the Centaur Abyssal Knight began the quest for the Orb.
     0 | Abyss:1  | Reached XP level 1. HP: 19/19 MP: 2/2
     2 | Abyss:1  | Found a corrupted altar of Lugonu.
    53 | Abyss:1  | Found a corrupted altar of Lugonu.
    82 | Abyss:1  | Noticed a jelly
    90 | Abyss:2  | Found a viscous altar of Jiyva.
   139 | Abyss:2  | Noticed a starcursed mass
   139 | Abyss:2  | Noticed a large abomination
   145 | Abyss:2  | Noticed a large abomination
   163 | Abyss:2  | Noticed an iron imp
   167 | Abyss:2  | Noticed a large abomination
   176 | Abyss:2  | Noticed a large abomination
   177 | Abyss:2  | Noticed a small abomination
   185 | Abyss:2  | Noticed a wretched star
   190 | Abyss:2  | Noticed a large abomination
   198 | Abyss:2  | Noticed a hungry ghost
   219 | Abyss:2  | Noticed a starcursed mass
   220 | Abyss:2  | Noticed a large abomination
   227 | Abyss:2  | Noticed a tentacled starspawn
   228 | Abyss:2  | Noticed a large abomination
   240 | Abyss:2  | Noticed a ynoxinul
   242 | Abyss:2  | Noticed a tentacled starspawn
   244 | Abyss:2  | Noticed a tentacled starspawn
   250 | Abyss:2  | Mangled by a tentacled starspawn

Action                   || total
-------------------------++-------
  Use: Potion            ||     1
Dodge: Dodged            ||     1
